AoeStats
← Kaiser Ze

Arena

508868022Analyzed
1v1 RM · 9d ago on Sep 24, 2026· 27m 52s· 2 players
Game mode
Random Map
Map size
Tiny (2 player)
Population
200
Speed
Normal
Resources
Standard
Victory
Conquest
Starting age
Dark Age
Ending age
Imperial Age
RankedLock teamsTeams togetherTeam positionsShared explorationLock speedFull tech treeHidden civsTurbo modeCheats
Victory
Defeat
🇨🇳 Japanese · China
1334
+16
🇪🇸 Danes · Spain
1332
-16
Don't Touch Me
11:29 Feudal Age
13:30 Loom
16:15 Castle Age
15:07 Double-Bit Axe
22:36 Fletching
23:59 Bodkin Arrow
Kaiser Ze
9:55 Feudal Age
11:34 Loom
14:19 Castle Age
13:30 Double-Bit Axe
22:24 Arson
23:33 Forging
23:59 Scale Mail Armor
26:51 Gambesons
28:42 Wheelbarrow
Connection lost

Rejoining the realm…

Still unreachable

The connection could not be restored.

Session expired

The server has moved on; the page needs a fresh start.